qwoerg, chaotic male elven Wizard -- .| .---- ---....--- ---- |........--...--- -----...............-- | --.|..................| |. -------....................- |..--...@...................- .-- --......h*......-................-- |.......f..G......(...............- |.............)..)..-........-- |.....|.--.......%...........| --..--|...|..)........- ...-| |. --- ---...)[...........- -- |........).)..(....................... -- --------------.--- .---------------- -- -- qwoerg the Thaumaturge Experience level: 6 Strength: 9 Dexterity: 11 Constitution: 11 Intelligence: 16 Wisdom: 16 Charisma: 9 Health: 0(46) Energy: 109(114) Def: 1 Gold: 89 Moves: 1874 Dungeon seed: PlHxyAfuaXvr9_Pu Game ID: qwoerg_1540246410 Your Inventory: Coins $ - 89 gold pieces Weapons a - a blessed +1 quarterstaff (weapon in hands) Armor e - an uncursed +0 cloak of magic resistance (being worn) q - an uncursed +0 pair of elven boots y - an uncursed +1 pair of iron shoes Comestibles i - 2 uncursed food rations Scrolls m - an uncursed scroll of identify o - an uncursed scroll of fire p - 2 uncursed scrolls of scare monster s - 2 uncursed scrolls of teleportation t - a cursed scroll of identify B - an uncursed scroll of stinking cloud C - a blessed scroll of charging H - a cursed scroll of teleportation Potions g - a cursed potion of sleeping h - a blessed potion of invisibility j - an uncursed potion of paralysis l - an uncursed potion of sickness u - an uncursed potion of fruit juice K - an uncursed potion of speed L - a cursed potion of gain energy Rings A - a blessed +1 ring of protection Wands d - an uncursed wand of nothing (0:5) D - an uncursed wand of digging (0:5) Tools f - an uncursed tooled horn v - an uncursed bag of holding w - an uncursed sack x - an uncursed +0 pick-axe G - an uncursed leather drum Gems n - 4 uncursed worthless pieces of red glass r - an uncursed worthless piece of black glass z - an uncursed worthless piece of blue glass F - an uncursed touchstone I - an uncursed worthless piece of white glass N - an uncursed agate Y - an uncursed opal Contents of the bag of holding: 362 gold pieces an uncursed spellbook of detect monsters a blessed spellbook of force bolt Spells and supernatural/magical abilities: Name Level Category Fail Memory a - force bolt 1 attack 0% 91% n - detect monsters 1 divination 0% 91% W - pray for help -- divine ? -- Your skills at the end: Miscellaneous Skills wands [Basic] stealth [Expert] Weapon Skills quarterstaff [Basic] Spellcasting Skills attack spells [Basic] enchantment spells [Basic] Final Attributes: You were piously aligned. You were sleep resistant. You were magic-protected. You had infravision. You were very stealthy. You are dead. Vanquished creatures: a gnome king a rock piercer a fog cloud 4 gnome lords a black naga hatchling a giant ant a floating eye 5 dwarves a giant bat 2 coyotes a hobbit 2 geckos a hobgoblin a red mold 21 gnomes 6 garter snakes 9 jackals a kobold 3 newts a goblin 3 grid bugs a bat 2 lichens 70 creatures vanquished. Voluntary challenges: You were vegetarian. You did not adorn yourself with jewelry or accessories. You did not cause conflict. You were not invisible. You did not have reflection. You were not displaced. You were an atheist. You used a wielded weapon 56 times, starting on turn 3. You did not apply a unicorn horn. You did not use plumbed fixtures. You did not drink any magical draughts. You read items or engraved 1 time, starting on turn 13. You never genocided any monsters. You never polymorphed an object. You never changed form. You used no wishes. You never split a pudding. You never wrote Elbereth's name. You never violated your personal moral code. Dungeon overview: The Dungeons of Doom: levels 1 to 4 Level 1 a long staircase Level 2 a bookstore Level 3 Level 4 stairs to The Gnomish Mines The Gnomish Mines: levels 5 to 7 Level 5 stairs to The Dungeons of Doom Level 6 Level 7 <- You were here History has recorded: On T:1 you entered the Dungeons of Doom to retrieve the Amulet of Yendor! On T:93 you reached level 2 of The Dungeons of Doom. On T:327 you reached level 3 of The Dungeons of Doom. On T:462 you advanced to experience level 2. On T:590 you reached level 4 of The Dungeons of Doom. On T:655 you advanced to experience level 3. On T:941 you reached level 1 of The Gnomish Mines. On T:977 you advanced to experience level 4. On T:985 you advanced to experience level 5. On T:1377 you advanced to experience level 6. On T:1818 you reached level 3 of The Gnomish Mines. Score breakdown: Gold: 451 ( 45 points) Experience: 6 levels ( 500 points) Exploration: 7 levels ( 180 points) Discoveries: 3 items ( 150 points) Variety of kills: 23 monsters ( 1150 points) Major goal: (nothing yet) ( 0 points) Survival: died (score multiplied by 3) Total score: 6075 Latest messages: You kill the gnome! You have a little trouble lifting L - a white potion. There are a few more objects here. There are a few objects here. The gnome lord picks up a pair of snow boots. The gnome lord puts on a pair of snow boots. Tigger drops a crossbow bolt. The spell misses the mind flayer. The garter snake bites! The mind flayer punches you! The mind flayer's tentacles suck you! (2x) Your brain is eaten! You feel very stupid! The mind flayer's tentacles suck you! Tigger bites the garter snake. The garter snake is killed! The spell misses the mind flayer. The mind flayer punches you! The mind flayer's tentacles suck you! You die... Final status: Goodbye qwoerg the Wizard, killed by a mind flayer... You died in The Gnomish Mines on dungeon level 7 with 6075 points, and 451 pieces of gold, after 1874 moves. You were level 6 with a maximum of 46 hit points when you died.